 Dungeon Crawl Stone Soup version 0.30-a0-1102-g2dbb833546 (webtiles) character file.

Game seed: 15454488651442266827

1885 CryoSword the Firebug (level 8, -3/67 HPs)
             Began as a Demigod Fire Elementalist on Apr 18, 2023.
             Slain by a vampire mosquito (5 damage)
             ... on level 6 of the Dungeon.
             The game lasted 00:13:05 (7460 turns).

CryoSword the Firebug (Demigod Fire Elementalist)   Turns: 7460, Time: 00:13:06

Health: -3/67      AC: 11    Str: 17    XL:     8   Next: 61%
Magic:  19/23      EV: 11    Int: 17    God:
Gold:   280        SH:  0    Dex: 14    Spells: 4/11 levels left

rFire   + . .      SeeInvis .    A - +0 broad axe (pain)
rCold   . . .      Faith    +    (no shield)
rNeg    . . .      Spirit   .    i - +3 ring mail {rF+}
rPois   .          Reflect  .    n - +0 helmet
rElec   .          Rampage  .    d - +0 cloak
rCorr   +                        m - +0 pair of gloves
Will    .....                    (no boots)
Stlth   +                        x - amulet of faith {!P}
HPRegen 0.31/turn                s - ring of resist corrosion
MPRegen 0.18/turn                o - ring of magical power

@: no status effects
A: high MP 1, forlorn, divine attributes
a: no special abilities


You were on level 6 of the Dungeon.
You visited 1 branch of the dungeon, and saw 6 of its levels.

You collected 280 gold pieces.

Inventory:

Hand Weapons
 c - a +3 flail of draining
   (You took it off Edmund on level 4 of the Dungeon)
 e - a +0 hand axe of flaming
   (You took it off an orc on level 3 of the Dungeon)
 A - a +0 broad axe of pain (weapon)
   (You took it off Maggie on level 6 of the Dungeon)
Missiles
 k - 7 poisoned darts (quivered)
Armour
 d - a +0 cloak (worn)
   (You took it off Crazy Yiuf on level 2 of the Dungeon)
 i - a +3 ring mail of fire resistance (worn)
   (You took it off Edmund on level 4 of the Dungeon)
 m - a +0 pair of gloves (worn)
   (You found it on level 2 of the Dungeon)
 n - a +0 helmet (worn)
   (You took it off Robin on level 2 of the Dungeon)
Jewellery
 o - a ring of magical power (right hand)
   (You took it off Dowan on level 5 of the Dungeon)
 s - a ring of resist corrosion (left hand)
   (You found it on level 3 of the Dungeon)
 x - an amulet of faith (around neck) {!P}
   (You found it on level 3 of the Dungeon)
Wands
 p - a wand of roots (5)
   (You found it on level 3 of the Dungeon)
Scrolls
 a - a scroll of poison {unknown}
 b - a scroll of immolation {unknown}
 h - a scroll of blinking {unknown}
 j - a scroll of enchant armour {unknown}
 q - a scroll of fog {unknown}
 r - a scroll of silence {unknown}
 t - a scroll of torment {unknown}
 w - a scroll of noise {!r}
 y - a scroll of teleportation {unknown}
Potions
 f - 4 potions of attraction {!q}
 g - 5 potions of curing {@q1}
 l - 2 potions of mutation {unknown}
 v - a potion of ambrosia {unknown}
 z - a potion of lignification {!q}


   Skills:
 + Level 4.4 Fighting
 * Level 3.7(5.1) Axes
 - Level 5.2(5.8) Maces & Flails
 - Level 1.7 Dodging
 - Level 1.7 Stealth
 + Level 2.0 Spellcasting
 - Level 4.5 Conjurations
 - Level 5.3 Fire Magic


You had 4 spell levels left.
You knew the following spells:

 Your Spells              Type           Power      Damage    Failure   Level
a - Foxfire               Conj/Fire      72%        2x1d7     4%          1
b - Scorch                Fire           38%        2d7       6%          2
c - Flame Wave            Conj/Fire      18%        2d7       43%         4

Your spell library contained the following spells:

 Spells                   Type           Power      Damage    Failure   Level
 Inner Flame              Hex/Fire       10%        N/A       34%         3
 Volatile Blastmotes      Fire/Tloc      20%        2d11      34%         3
 Sticky Flame             Conj/Fire      18%        2d4       43%         4
 Cigotuvi's Dreadful Rot  Necr/Pois/Air  2%         N/A       47%         2
 Dispel Undead            Necr           1%         3d6       98%         4
 Irradiate                Conj/Tmut      4%         3d13      98%         5
 Blade Hands              Tmut           0%         N/A       100%        5
 Death Channel            Necr           0%         N/A       100%        6
 Dragon Form              Tmut           0%         N/A       100%        7


Dungeon Overview and Level Annotations

Branches:
Dungeon (6/15)
 Temple: D:4-7

Annotations:
D:5 2 transporters
D:6 Eustachio


Innate Abilities, Weirdness & Mutations

You have an increased reservoir of magic. (+10% MP)
You shall have no god before yourself.
Your divine heritage dramatically boosts your attributes as you level up.


Message History

Could not explore, unopened door.
Could not explore, unopened door.
You open the door.
There is an open door here.
Found an ornate altar of the Wu Jian Council.
Found a shadowy altar of Dithmenos.
Found a white marble altar of Elyvilon.
There is an open door here.
Could not explore, unopened door.
Could not explore, unopened door.
You open the door.
Found a glowing long sword.
There is an open door here.
You see here a +2 long sword of holy wrath.
Could not explore, unopened door.
Could not explore, unopened door.
You open the door.
Found a scroll of identify.
There is an open door here.
C - a scroll of identify {@r1}
Found an escape hatch in the ceiling.
As you read the scroll of identify {@r1}, it crumbles to dust.
u - 3 scrolls of vulnerability Could not explore, unopened door.
Could not explore, unopened door.
You open the door.
There is an open door here.
Could not explore, unopened door.
You drop 3 scrolls of vulnerability {!r}.
Okay, then.
Okay, then.
You drop +0 acid dragon scales.
You open the door.
There is an open door here.
There is an open door here.
Could not explore, unopened door.
Could not explore, unopened door.
As you open the door, it creaks loudly!
There is an open door here.
You now have 280 gold pieces (gained 15).
Could not explore, unopened door.
Could not explore, unopened door.
You open the door.
There is an open door here.
Could not explore, unopened door.
Could not explore, unopened door.
You open the door.
There is an open door here.
There is an open door here.
Could not explore, unopened door.
Could not explore, unopened door.
As you open the door, it creaks loudly!
You hear an angry hiss.
An adder comes into view.
An adder is nearby!
An adder is nearby!
An adder is nearby!
Found a stone staircase leading down.
The adder bites you.
There is an open door here.
You miss the adder. The adder bites you but does no damage.
You closely miss the adder.
The adder bites you but does no damage. x2
You closely miss the adder. The adder barely misses you. The adder misses you.
You slash the adder!
You kill the adder!
No target in view!
No target in view!
You see here an adder corpse.
A vampire mosquito comes into view.
The vampire mosquito buzzes angrily.
A vampire mosquito comes into view.
There are monsters nearby!
There are monsters nearby!
Unknown command.
You conjure some foxfire!
The vampire mosquito buzzes angrily.
You hear a shout!
A vampire mosquito comes into view.
Flames lash the vampire mosquito.
The vampire mosquito's fire resistance burns away.
The foxfire hits the vampire mosquito.
The vampire mosquito is burned terribly!
The foxfire hits the vampire mosquito.
The vampire mosquito is burned terribly!
A vampire mosquito comes into view.
A water moccasin comes into view.
You conjure some foxfire!
The water moccasin hisses angrily.
The vampire mosquito buzzes angrily.
Flames lash the vampire mosquito.
The vampire mosquito is burned terribly!
The foxfire hits the vampire mosquito but does no damage.
The foxfire hits the vampire mosquito.
The vampire mosquito bites you but does no damage.
You conjure some foxfire!
The vampire mosquito misses you. The vampire mosquito bites you.
The vampire mosquito draws strength from your injuries!
Eustachio the Magnificent comes into view.
He is wielding a +1 rapier of freezing.
The vampire mosquito attacks as you move away!
The vampire mosquito bites you but does no damage.
The foxfire hits the vampire mosquito.
The vampire mosquito bites you but does no damage.
The vampire mosquito barely misses you.
The vampire mosquito bites you but does no damage.
The vampire mosquito attacks as you move away!
The vampire mosquito closely misses you.
The vampire mosquito bites you!
The vampire mosquito draws strength from your injuries!
You see here an adder corpse.
The vampire mosquito attacks as you move away!
The vampire mosquito bites you.
The vampire mosquito draws strength from your injuries!
The vampire mosquito bites you!
The vampire mosquito draws strength from your injuries!
The vampire mosquito misses you.
There is an open door, spattered with blood here.
The vampire mosquito attacks as you move away!
The vampire mosquito bites you.
The vampire mosquito draws strength from your injuries!
The vampire mosquito attacks as you move away!
The vampire mosquito bites you but does no damage.
The vampire mosquito bites you!
* * * LOW HITPOINT WARNING * * *
The vampire mosquito draws strength from your injuries!
The vampire mosquito bites you but does no damage.
The vampire mosquito bites you!
* * * LOW HITPOINT WARNING * * *
The vampire mosquito draws strength from your injuries!
There is an open door here.
As you read the scroll labelled EBRETOCORE, it crumbles to dust.
You hear a loud clanging noise!
It was a scroll of noise.
Something shouts, "Slither hence, thou mammering moldwarp socdollager!"
The vampire mosquito bites you but does no damage.
The vampire mosquito completely misses you.
The vampire mosquito bites you!
* * * LOW HITPOINT WARNING * * *
The vampire mosquito draws strength from your injuries!
The vampire mosquito bites you but does no damage.
The vampire mosquito bites you.
* * * LOW HITPOINT WARNING * * *
The vampire mosquito draws strength from your injuries!
Unknown command.
Okay, then.
You slash the vampire mosquito! The vampire mosquito bites you!
* * * LOW HITPOINT WARNING * * *
The vampire mosquito draws strength from your injuries!
You barely miss the water moccasin. You slash the vampire mosquito!
The vampire mosquito barely misses you. The water moccasin barely misses you.
The vampire mosquito bites you.
* * * LOW HITPOINT WARNING * * *
The vampire mosquito draws strength from your injuries!
The water moccasin bites you but does no damage.
The vampire mosquito bites you.
You die...

........'...........#
........#...........'
........#..##.#######
###########.....#####.###....
+.........#.....# #....#....
#.........#.....# #....#....
########..#.....#########....
...####'###.....#.......####
.........y#@....#.......#
.........ySy...###......#
..........#....#_#......#
#...####'###...##.##.....####
#.. ####†.>#...#...###'###..#
+.. #...y..#..##...##)..'...#
..#...#......#..#.....#...#...#
.@...........####.....###.#...#
#####+......###....8....###...#


You could see a water moccasin and 2 vampire mosquitoes.

Vanquished Creatures
  Maggie (D:6)
  Sigmund (D:4)
  Edmund (D:4)
  Duvessa (D:5)
  A black bear (D:6)
  2 scorpions
  Blork the orc (D:5)
  5 wights
  Dowan (D:5)
  2 orc priests (D:3)
  3 hounds
  Crazy Yiuf (D:2)
  A gnoll bouda (D:5)
  Terence (D:2)
  Natasha (twice) (D:3)
  An iguana (D:5)
  3 orc wizards
  Robin (D:2)
  8 adders
  8 gnolls
  A shadow imp (D:5)
  2 worms (D:5)
  2 dart slugs (D:4)
  20 orcs
  3 endoplasms
  7 giant cockroaches
  14 goblins
  7 hobgoblins
  4 jackals
  7 kobolds
  5 quokkas
  6 ball pythons
  6 bats
  7 rats
136 creatures vanquished.

Vanquished Creatures (others)
  241 foxfires
  8 fungi
  7 plants (D:5)
256 creatures vanquished.

Grand Total: 392 creatures vanquished

Notes
Turn   | Place    | Note
-------+----------+-------------------------------------------
     0 | D:1      | CryoSword the Demigod Fire Elementalist began the quest for
                  | the Orb.
     0 | D:1      | Reached XP level 1. HP: 14/14 MP: 5/5
   227 | D:1      | Reached skill level 1 in Maces & Flails
   483 | D:1      | Reached skill level 1 in Conjurations
   484 | D:1      | Reached XP level 2. HP: 20/20 MP: 1/7
   894 | D:2      | Learned a level 2 spell: Scorch
  1519 | D:2      | Reached XP level 3. HP: 27/27 MP: 3/8
  1682 | D:2      | Noticed Terence
  1687 | D:2      | Killed Terence
  1688 | D:2      | Reached skill level 1 in Fighting
  1865 | D:2      | Noticed Robin
  1940 | D:2      | Killed Robin
  1941 | D:2      | Reached XP level 4. HP: 28/35 MP: 0/9
  2164 | D:2      | Found a runed translucent door.
  2165 | D:2      | Noticed Crazy Yiuf
  2171 | D:2      | Killed Crazy Yiuf
  2703 | D:3      | Noticed Natasha
  2709 | D:3      | Killed Natasha
  2710 | D:3      | Reached XP level 5. HP: 36/40 MP: 1/10
  2798 | D:3      | Reached skill level 1 in Axes
  2883 | D:3      | Noticed Natasha
  3560 | D:3      | Killed Natasha
  3561 | D:3      | Reached XP level 6. HP: 48/48 MP: 6/11
  4037 | D:4      | Noticed Sigmund
  4042 | D:4      | Killed Sigmund
  4129 | D:4      | Noticed Edmund
  4716 | D:4      | Reached XP level 7. HP: 52/52 MP: 5/13
  5173 | D:4      | Learned a level 4 spell: Flame Wave
  5328 | D:4      | Killed Edmund
  5442 | D:5      | Entered Level 5 of the Dungeon
  5563 | D:5      | Found a transporter.
  5705 | D:5      | Noticed Duvessa
  5705 | D:5      | Noticed Dowan
  5719 | D:5      | Killed Duvessa
  5730 | D:5      | Killed Dowan
  6230 | D:5      | Found a transporter.
  6251 | D:5      | Noticed Blork the orc
  6294 | D:4      | Reached XP level 8. HP: 58/66 MP: 14/14
  6839 | D:5      | Killed Blork the orc
  6840 | D:5      | Reached skill level 5 in Fire Magic
  7099 | D:6      | Noticed Maggie
  7136 | D:6      | Killed Maggie
  7137 | D:6      | Reached skill level 5 in Maces & Flails
  7449 | D:6      | Noticed Eustachio
  7459 | D:6      | HP: 3/67 [vampire mosquito (8)]
  7460 | D:6      | Slain by a vampire mosquito

Illustrated notes

Levels and vault maps discovered:
D:1:      dpeg_arrival_tiny_a, layout_basic, minmay_misc_feat_ornament
D:2:      layout_loops_ring, uniq_robin, uniq_terence, uniq_crazy_yiuf_cottage
D:3:      minmay_angry_zag, layout_basic, nicolae_qazlal_eye_of_the_storm,
          overflow_temple_1_default, serial_glass, glass_columns_a,
          glass_columns_a, minmay_misc_feat_secret_circle, uniq_natasha
D:4:      layout_basic, old_standard_altar, mainiacjoe_overflow_alcove_2,
          mainiacjoe_overflow_tiny_flanked, sigmund_edmund_badplayer
D:5:      gammafunk_steamed_eel, layout_basic,
          nicolae_ru_great_annihilating_truth, fedhas_altar_3,
          kiku_gazebo_pond_becter, uniq_blork_the_orc, uniq_duvessa
D:6:      layout_gridville, minmay_overflow_temple_star_quad, minivault_11,
          palyth_stone_intersect, uniq_eustachio, uniq_pikel, uniq_maggie

Skill      XL: |  1  2  3  4  5  6  7  8 |
---------------+-------------------------+-----
Maces & Flails | 1 2 4 5 |  5.2
Conjurations   | 1 2 3 4 |  4.5
Spellcasting   | 2 |  2.0
Fighting       | 1 2 3 4 |  4.4
Fire Magic     | 3 4 5 |  5.3
Axes           | 2 3 |  3.7
Dodging        | |  1.7
Stealth        | |  1.7

Action                     |  1- 3 |  4- 6 |  7- 9 || total
---------------------------+-------+-------+-------++-------
  Melee: Mace              |    48 |     3 |       ||    51
         Hand axe          |       |    36 |       ||    36
         Flail             |       |       |    27 ||    27
         Punch             |       |       |     1 ||     1
         Broad axe         |       |       |    22 ||    22
  Throw: Dart              |       |       |     5 ||     5
   Cast: Foxfire           |    23 |    67 |    47 ||   137
         Scorch            |    24 |    45 |    70 ||   139
  Evoke: Wand              |       |       |     2 ||     2
    Use: Scroll            |     4 |     3 |     3 ||    10
         Potion            |       |     3 |     1 ||     4
   Stab: Sleeping          |     1 |       |       ||     1
         Fleeing           |     1 |       |       ||     1
 Armour: Robe              |    10 |       |       ||    10
         Animal skin       |       |    20 |     3 ||    23
         Ring mail         |       |       |    48 ||    48
         Skin              |       |       |     1 ||     1
  Dodge: Dodged            |    47 |    48 |    67 ||   162

Table legend: (Time is in decaauts)
 A = Elapsed time spent in this place.
 B = Non-inter-level travel time spent in this place.
 C = Inter-level travel time spent in this place.
 D = Time resting spent in this place.
 E = Time spent auto-exploring this place.
 F = Levels seen in this place.
 G = Mean time per level.
                   A        B        C        D        E       F      G
               +--------+--------+--------+--------+--------+-----+--------+
         Total |   7510 |   7307 |    203 |    584 |   5407 |   6 | 1251.7 |
       Dungeon |   7510 |   7307 |    203 |    584 |   5407 |   6 | 1251.7 |
               +--------+--------+--------+--------+--------+-----+--------+

Top non-repeatable levels by time:
     D:4: 1814 daAuts
     D:3: 1578 daAuts
     D:2: 1443 daAuts
     D:5: 1384 daAuts
     D:1: 841 daAuts
     D:6: 448 daAuts
